 Dungeon Crawl Stone Soup version 0.24.0-123-gd5b16e6ec5 (webtiles) character file.

Game seed: 13315053561692604041, levelgen mode: deterministic

84 glosham the Chopper (level 4, -10/35 HPs)
             Began as a Mummy Abyssal Knight on Jan 5, 2020.
             Was a Follower of Lugonu.
             Mangled by a purple draconian monk (12 damage)
             ... on level 1 of the Abyss.
             The game lasted 00:02:59 (36 turns).

glosham the Chopper (Mummy Abyssal Knight)            Turns: 36, Time: 00:02:59

Health: -10/35     AC:  3    Str: 16    XL:     4   Next: 23%
Magic:  3/5        EV: 11    Int: 11    God:    Lugonu [*.....]
Gold:   0          SH:  0    Dex: 11    Spells: 3/3 levels left

rFire    x . .     SeeInvis .   a - +1 hand axe
rCold    + . .     Gourm    .   (no shield)
rNeg     + + +     Faith    .   b - +0 leather armour
rPois    ∞         Spirit   .   (no helmet)
rElec    .         Reflect  .   (no cloak)
rCorr    .         Harm     .   (no gloves)
MR       .....                  (no boots)
Stlth    +.........             (no amulet)
HPRegen  0.11/turn              (no ring)
MPRegen  0.09/turn              (no ring)

@: confused
A: no food or potions, fire vulnerability, cold resistance 1, negative energy
resistance 3, torment resistance, unbreathing
a: Depart the Abyss, Renounce Religion


You were on level 1 of the Abyss.
You worshipped Lugonu.
Lugonu was aware of your devotion.
You were not hungry.

You visited 0 branches of the dungeon, and saw 0 of its levels.
You visited the Abyss 1 time.

Inventory:

Hand Weapons
 a - a +1 hand axe (weapon)
Armour
 b - a +0 leather armour (worn)
Scrolls
 c - a scroll of immolation {unknown}


   Skills:
 - Level 3.0 Fighting
 * Level 3.7 Axes
 - Level 1.5 Armour
 - Level 0.7 Dodging
 - Level 1.5 Invocations


You had 3 spell levels left.
You didn't know any spells.
Your spell library contained the following spells:

 Spells                   Type           Power        Failure   Level  Hunger
 Infusion                 Chrm           #...         41%         1    N/A
 Summon Ice Beast         Ice/Summ       #.......     99%         4    N/A

Dungeon Overview and Level Annotations

Branches:
Dungeon (0/15)

Altars:


Innate Abilities, Weirdness & Mutations

You do not eat or drink.
Your flesh is vulnerable to fire.
You are immune to poison.
Your flesh is cold resistant. (rC+)
You are immune to negative energy. (rN+++)
You are immune to unholy pain and torment.
You can survive without breathing.


Message History

You have reached level 4!
The substance of the Abyss twists violently, and a gateway leading out appears!
Found a rare book and a yellowed book.
Found a graven book and an engraved book.
You see here Hefef's Tome of Boosts.
You pick up Hefef's Tome of Boosts and begin reading...
You add the spell Infusion to your library.
You see here the Reference Book on Snow.
You pick up the Reference Book on Snow and begin reading...
You add the spell Summon Ice Beast to your library.
A guardian serpent and a draconian monk come into view.
The purple draconian monk roars!
The guardian serpent shouts!
The purple draconian monk breathes dispelling energy at you.
The bolt of dispelling energy misses you.
Found three items.
Okay, then.
A great orb of eyes comes into view.
The great orb of eyes turns its gaze towards you.
The great orb of eyes gazes at you.
You feel your power leaking away. The great orb of eyes gazes at you.
You are confused.
The guardian serpent casts a spell at you.
You resist with significant effort.
The purple draconian monk breathes dispelling energy at you.
The bolt of dispelling energy misses you.
Found an inconspicuous book.
Found a shimmering blue altar of Sif Muna.
You bump into the rock wall.
Found a scroll labeled ONTUIRPH ACEM.
You see here a scroll labeled YRPHOS BAPO.
c - a scroll labeled YRPHOS BAPO The great orb of eyes gazes at you.
You are more confused.
The purple draconian monk hits you!!
Ouch! That really hurt!
* * * LOW HITPOINT WARNING * * *
The purple draconian monk barely misses you.
The purple draconian monk tail-slaps you!
You die...

#§#.#### #
###..... #
..###### ## +#
## #...#..#.#..
..##...#....#_.
##.#....#.....
# #....#..#
#..##q..#
#...@#..#
#..:....#
##.:.#..#
##≈##..# .S.
..G. #... ..#?.
#:.:#..#... ###
.?


You could see a purple draconian monk, a great orb of eyes and a guardian
serpent.

Vanquished Creatures
  A boggart (Abyss:1)
1 creature vanquished.

Notes
Turn   | Place    | Note
-------+----------+-------------------------------------------
     0 | Abyss:1  | glosham the Mummy Abyssal Knight began the quest for the
                  | Orb.
     0 | Abyss:1  | Reached XP level 1. HP: 18/18 MP: 2/2
     0 | Abyss:1  | Noticed a boggart
    17 | Abyss:1  | Killed a boggart
    17 | Abyss:1  | Reached skill level 3 in Axes
    17 | Abyss:1  | Reached XP level 2. HP: 20/24 MP: 3/3
    17 | Abyss:1  | Reached XP level 3. HP: 24/29 MP: 4/4
    17 | Abyss:1  | Reached XP level 4. HP: 29/35 MP: 5/5
    24 | Abyss:1  | Identified Hefef's Tome of Boosts
    26 | Abyss:1  | Identified the Reference Book on Snow
    29 | Abyss:1  | Noticed a purple draconian monk
    29 | Abyss:1  | Noticed a guardian serpent
    31 | Abyss:1  | Noticed a great orb of eyes
    33 | Abyss:1  | Found a shimmering blue altar of Sif Muna.
    36 | Abyss:1  | HP: 2/35 [purple draconian monk (29)]
    36 | Abyss:1  | Mangled by a purple draconian monk

Levels and vault maps discovered:
Abyss:1

Skill      XL: |  1 |
---------------+----+-----
Axes           | 3 |  3.7
Fighting       | |  3.0
Armour         | |  1.5
Dodging        | |  0.7
Invocations    | |  1.5

Action                   |  1- 3 |  4- 6 || total
-------------------------+-------+-------++-------
Melee: Hand axe          |     7 |       ||     7
Armor: Leather armour    |     1 |       ||     1
Dodge: Dodged            |     2 |     3 ||     5

Table legend:
 A = Turns spent in this place as a percentage of turns spent in the entire game.
 B = Non-inter-level travel turns spent in this place as a percentage of non-inter-level travel turns spent in the entire game.
 C = Inter-level travel turns spent in this place as a percentage of turns spent in this place.
 D = Turns resting spent in this place as a percentage of non-inter-level travel turns spent in this place.
 E = Turns spent auto-exploring this place as a percentage of non-inter-level travel turns spent in this place.
 F = Non-inter-level travel turns spent in this place divided by the number of levels of this place that you've seen.
                   A       B       C       D       E      F
               +-------+-------+-------+-------+-------+----------------------
         Total | 100.0 | 100.0 |   0.0 |  30.6 |   0.0 |  36.0
         Abyss | 100.0 | 100.0 |   0.0 |  30.6 |   0.0 |  36.0
               +-------+-------+-------+-------+-------+----------------------

Table legend:
 A = Kills in this place as a percentage of kills in entire the game.
 B = Kills by you in this place as a percentage of kills by you in the entire game.
 C = Kills by friends in this place as a percentage of kills by friends in the entire game.
 D = Other kills in this place as a percentage of other kills in the entire game.
 E = Experience gained in this place as a percentage of experience gained in the entire game.
 F = Experience gained in this place divided by the number of levels of this place that you have seen.
                   A       B       C       D       E      F
               +-------+-------+-------+-------+-------+----------------------
         Total | 100.0 | 100.0 |   N/A |   N/A | 100.0 | 120.0
         Abyss | 100.0 | 100.0 |   N/A |   N/A | 100.0 | 120.0
               +-------+-------+-------+-------+-------+----------------------

Levels and vault maps discovered:
Abyss:1
